 Dungeon Crawl Stone Soup version 0.30.0-29-ga12c61a403 (webtiles) character file.

Game seed: 13627633738971648643

5 explorer the Magician (level 1, -2/15 HPs)
             Began as a Djinni Fire Elementalist on June 15, 2023.
             Slain by a gnoll
             ... wielding a +0 club
              (7 damage)
             ... on level 1 of the Dungeon.
             The game lasted 00:01:54 (183 turns).

explorer the Magician (Djinni Fire Elementalist)     Turns: 183, Time: 00:01:55

Health: -2/15      AC:  2    Str:  7    XL:     1   Next: 88%
Gold:   13         EV: 12    Int: 16    God:
                   SH:  0    Dex: 13

rFire   + + .        d - +0 short sword
rCold   x . .        (no shield)
rNeg    . . .        a - +0 robe
rPois   ∞            (no helmet)
rElec   .            (no cloak)
rCorr   .            (no gloves)
SInv    .            (boots unavailable)
Will    .....        (no amulet)
Stlth   ++           (no ring)
HPRegen 0.22/turn    (no ring)
MPRegen 0.00/turn

%: infuse magic (-3 HP)
@: flying
A: sickness immunity, fire resistance 2, cold vulnerability 1, float, innate
caster, HP casting, extra vitality 1
a: no special abilities


You were on level 1 of the Dungeon.
You visited 1 branch of the dungeon, and saw 1 of its levels.

You collected 13 gold pieces.

Inventory:

Hand Weapons
 d - a +0 short sword (weapon)
Armour
 a - a +0 robe (worn)
Scrolls
 e - a scroll of noise
Potions
 c - a potion of resistance


   Skills:
 + Level 2.2 Dodging
 + Level 1.7 Stealth
 * Level 2.6 Spellcasting


You knew the following spells:

 Your Spells              Type           Power      Damage    Failure   Level
a - Foxfire               Conj/Fire      40%        2x1d6     7%          1
b - Scorch                Fire           20%        2d6       10%         2
c - Volatile Blastmotes   Fire/Tloc      20%        2d11      21%         3
d - Inner Flame           Hex/Fire       10%        N/A       21%         3
e - Flame Wave            Conj/Fire      10%        2d6       54%         4
Your spell library was empty.

Dungeon Overview and Level Annotations

Branches:
Dungeon (1/15)

Altars:

Shops:
D:1 :


Innate Abilities, Weirdness & Mutations

You are immune to sickness and miasma.
You are immune to poison.
Your flesh is very heat resistant. (rF++)
You are vulnerable to cold. (rC-)
You float through the air rather than walking.
You learn spells naturally, not from books.
Your magical power is your life essence.
You have superior vitality. (+4 MHP)


Message History

You conjure some foxfire!
The kobold misses you.
The foxfire hits the kobold.
You kill the kobold!
Your foxfire dissipates!
Things that are here:
a +0 short sword; 2 stones
d - a +0 short sword (weapon)
Found a ring mail.
Found a scroll labelled XOQAZOYCOSM.
e - a scroll labelled XOQAZOYCOSM
As you read the scroll of identify, it crumbles to dust.
e - a scroll of noise
Okay, then.
You see here a +0 ring mail.
Found Peqerr's Vocational Training.
Found a robe.
Found a short sword.
A gnoll comes into view. It is wielding a +0 club.
The gnoll shouts!
A ball python comes into view.
The ball python hisses angrily.
A rat comes into view.
You hit the gnoll.
The gnoll is lightly wounded.
The ball python bites you. The ball python misses you.
A frilled lizard comes into view.
The gnoll barely misses you.
Casting: Foxfire (safe; 7% risk of failure)
Confirm with . or Enter, or press ? or * to list all spells.
You conjure some foxfire!
The ball python closely misses you. The ball python misses you.
The gnoll hits you with a +0 club.
The foxfire hits the ball python.
You kill the ball python!
The foxfire hits the gnoll but does no damage.
The gnoll is lightly wounded.
The gnoll hits you with a +0 club.
* * * LOW HITPOINT WARNING * * *
The gnoll barely misses you. The gnoll hits you with a +0 club!
You die...

#...................##.......
...[..........#......#.⌠.⌠...
.......##########....l.......
.......# ...............∩....
.......# ...)...............#
.......# ........l#....⌠.⌠..#
######## .......r.#..........
........g#[.........
.......@.#..........
.........#..........
.............#######
.....####....# ..... ...##
.... ...# .## ...# ##.#


You could see a gnoll, a frilled lizard and a rat.

Vanquished Creatures
  2 ball pythons (D:1)
  2 kobolds (D:1)
  A bat (D:1)
5 creatures vanquished.

Vanquished Creatures (others)
  9 foxfires (D:1)
9 creatures vanquished.

Grand Total: 14 creatures vanquished

Notes
Turn   | Place    | Note
-------+----------+-------------------------------------------
     0 | D:1      | explorer the Djinni Fire Elementalist began the quest for
                  | the Orb.
     0 | D:1      | explorer set off with the following spells memorised:
                  | Foxfire, Scorch, Volatile Blastmotes, Inner Flame, Flame
                  | Wave.
     0 | D:1      | Reached XP level 1. HP: 15/15 MP: 0/0
   163 | D:1      | Found Peqerr's Vocational Training.
   183 | D:1      | Slain by a gnoll

Illustrated notes

Levels and vault maps discovered:
D:1:      dpeg_arrival_chambers_temple_mockup, layout_basic,
          chequers_decorated_corner, nicolae_shop_vocational

Action                     || total
---------------------------++-------
  Melee: Unarmed           ||    15
         Short sword       ||     1
   Cast: Foxfire           ||     6
    Use: Scroll            ||     4
 Armour: Robe              ||    10
  Dodge: Dodged            ||    16
